 Dungeon Crawl Stone Soup version 0.26-a0-1040-gbe3abf3417 (webtiles) character file.

Game seed: 11442296617370973694

42 Dracia the Ruffian (level 3, 36/36 HPs)
             Began as a Troll Berserker on Dec 11, 2020.
             Was a Believer of Trog.
             Got out of the dungeon alive.
             The game lasted 00:01:22 (603 turns).

Dracia the Ruffian (Troll Berserker)                 Turns: 603, Time: 00:01:22

Health: 36/36      AC:  6    Str: 25    XL:     3   Next: 35%
Magic:  2/2        EV: 10    Int:  3    God:    Trog [**....]
Gold:   34         SH:  0    Dex: 10    Spells: 2/2 levels left

rFire    . . .     SeeInvis .     - Unarmed
rCold    . . .     Faith    .   (no shield)
rNeg     . . .     Spirit   .   a - +0 animal skin
rPois    .         Reflect  .   (helmet restricted)
rElec    .         Harm     .   (no cloak)
rCorr    .         Rampage  .   (gloves unavailable)
Will     .....                  (boots unavailable)
Stlth    +.........             (no amulet)
HPRegen  0.52/turn              (no ring)
MPRegen  0.08/turn              (no ring)

@: no status effects
A: large, unfitting armour, claws 3, regeneration 1, shaggy fur 1, tough skin 3
a: Berserk, Trog's Hand, Renounce Religion


You escaped.
You worshipped Trog.
Trog was pleased with you.
You visited 1 branch of the dungeon, and saw 2 of its levels.

You collected 34 gold pieces.


Innate Abilities, Weirdness & Mutations

You are too large for most types of armour.
You have claws for hands.
Your natural rate of healing is unusually fast.
You are covered in fur. (AC +1)
You have extremely tough skin. (AC +3)


   Skills:
 - Level 2.4 Fighting
 + Level 2.9 Dodging
 * Level 4.0 Unarmed Combat


You had 2 spell levels left.
You didn't know any spells.
Your spell library was empty.

Inventory:

Armour
 a - a +0 animal skin (worn)
Scrolls
 b - 2 scrolls of identify {unknown}
 e - 3 scrolls of magic mapping {unknown}
 g - a scroll of immolation {unknown}
Potions
 c - a potion of degeneration {unknown}
 d - a potion of berserk rage {unknown}
 f - a potion of brilliance {unknown}

Dungeon Overview and Level Annotations

Branches:
Dungeon (2/15)

Altars:

###).# #.# #........# #.##
##..####.###.#####..# #.##
#..........(######..# #.##
##.........>........# #.##
##.#.####......##...#########.##
##.###.####...#.##...............
#.## ##......#######...........##
##.###.#####.##...##..##########
##.#.## #..'.@.'...###########
##.## ####...#....)........# ###
##+##..##########.# #.....# #.#
####### #># #.# #.# #.# #.#


There were no monsters in sight!


Message History

HP restored.
A rat comes into view.
A rat is nearby!
A rat is nearby!
The rat misses you.
You see here a worm corpse.
You closely miss the rat. You claw the rat!
You kill the rat!
Trog accepts your kill.
No target in view!
No target in view!
Things that are here:
a +0 club; a goblin corpse
Okay, then.
(D) Dungeon
Where to? (Enter - D:2, ? - help)
Okay, then.
Okay, then.
Use which ability? (? or * to list)
Okay, then.
There is a stone staircase leading up here.
You climb upwards.
There is a stone staircase leading down here.
You see here a +0 club.
You open the door.
There is an open door here.
There is a staircase leading out of the dungeon here.
Are you sure you want to leave the Dungeon?
This will make you lose the game!
You have escaped!

Skill      XL: |  1  2  3 |
---------------+----------+-----
Unarmed Combat | 4 |  4.0
Fighting       | |  2.4
Dodging        | |  2.9

Action                   || total
-------------------------++-------
Melee: Unarmed           ||    62
Armor: Animal skin       ||    28
Dodge: Dodged            ||    33

Levels and vault maps discovered:
D:1:      dpeg_arrival_tiny_g, layout_loops_ring
D:2:      layout_basic, uniq_sigmund, uniq_terence

Notes
Turn   | Place    | Note
-------+----------+-------------------------------------------
     0 | D:1      | Dracia the Troll Berserker began the quest for the Orb.
     0 | D:1      | Reached XP level 1. HP: 22/22 MP: 0/0
    69 | D:1      | Reached XP level 2. HP: 29/29 MP: 1/1
   281 | D:1      | Reached XP level 3. HP: 36/36 MP: 2/2
   424 | D:1      | Reached skill level 4 in Unarmed Combat
   546 | D:2      | Reached ** piety under Trog
   603 | D:$      | Got out of the dungeon alive.

Vanquished Creatures
  An ooze (D:1)
  A worm (D:2)
  3 dart slugs (D:1)
  2 leopard geckos (D:1)
  A giant cockroach (D:1)
  4 goblins
  2 hobgoblins (D:1)
  2 ball pythons (D:1)
  5 bats (D:1)
  2 frilled lizards (D:1)
  2 kobolds (D:1)
  2 rats
27 creatures vanquished.

Table legend: (Time is in decaauts)
 A = Elapsed time spent in this place.
 B = Non-inter-level travel time spent in this place.
 C = Inter-level travel time spent in this place.
 D = Time resting spent in this place.
 E = Time spent auto-exploring this place.
 F = Levels seen in this place.
 G = Mean time per level.
                   A        B        C        D        E       F      G
               +--------+--------+--------+--------+--------+-----+--------+
         Total |    599 |    546 |     53 |      0 |    395 |   2 |  299.5 |
       Dungeon |    599 |    546 |     53 |      0 |    395 |   2 |  299.5 |
               +--------+--------+--------+--------+--------+-----+--------+

Top non-repeatable levels by time:
     D:1: 568 daAuts
     D:2: 30 daAuts

Table legend:
 A = Non-vault XP
 B = Vault XP
 C = Vault XP percentage of total XP
 D = Non-vault monster count
 E = Vault monster count
 F = Vault count percentage of total count
                 A         B        C        D         E       F
            +---------+---------+-------+---------+---------+-------
      Total |      61 |       0 |   0.0 |      27 |       0 |   0.0
            +---------+---------+-------+---------+---------+-------
        D:1 |      53 |       0 |   0.0 |      24 |       0 |   0.0
        D:2 |       8 |       0 |   0.0 |       3 |       0 |   0.0
            +---------+---------+-------+---------+---------+-------
